 Dungeon Crawl Stone Soup version 0.30-a0-12-gd8047c6341 (webtiles) character file.

Game seed: 3474862397686185446

9 n00bmints the Poker (level 2, -3/24 HPs)
             Began as a Human Berserker on Aug 24, 2022.
             Was a Follower of Trog.
             Slain by a hobgoblin (5 damage)
             ... on level 1 of the Dungeon.
             The game lasted 00:00:58 (166 turns).

n00bmints the Poker (Human Berserker)                Turns: 166, Time: 00:00:59

Health: -3/24      AC:  2    Str: 17    XL:     2   Next: 20%
Magic:  2/2        EV: 12    Int:  7    God:    Trog [*.....]
Gold:   0          SH:  0    Dex: 12    Spells: 1/1 levels left

rFire   . . .      SeeInvis .    a - +0 spear
rCold   . . .      Faith    .    (no shield)
rNeg    . . .      Spirit   .    b - +0 animal skin
rPois   .          Reflect  .    (no helmet)
rElec   .          Harm     .    (no cloak)
rCorr   .          Rampage  .    (no gloves)
Will    .....                    (no boots)
Stlth   +.........               (no amulet)
HPRegen 0.08/turn                (no ring)
MPRegen 0.08/turn                (no ring)

@: no status effects
A: no striking features
a: Renounce Religion, Berserk


You were on level 1 of the Dungeon.
You worshipped Trog.
Trog was aware of your devotion.
You visited 1 branch of the dungeon, and saw 1 of its levels.

Inventory:

Hand Weapons
 a - a +0 spear (weapon)
Armour
 b - a +0 animal skin (worn)
Scrolls
 c - a scroll of blinking {unknown}
 d - a scroll of enchant armour {unknown}
 e - a scroll of vulnerability {unknown}


   Skills:
 + Level 3.2 Fighting
 + Level 3.2 Polearms
 + Level 2.0 Armour
 + Level 2.1 Dodging


You had one spell level left.
You didn't know any spells.
Your spell library was empty.

Dungeon Overview and Level Annotations

Branches:
Dungeon (1/15)

Altars:


Message History

The giant cockroach bites you.
You closely miss the giant cockroach. The giant cockroach bites you.
You hit the giant cockroach but do no damage.
The giant cockroach barely misses you.
You completely miss the giant cockroach.
The giant cockroach bites you.
You hit the giant cockroach.
You kill the giant cockroach!
Trog accepts your kill. The hobgoblin completely misses you.
The hobgoblin barely misses you. The hobgoblin closely misses you.
The quokka barely misses you.
You barely miss the quokka. The hobgoblin hits you.
The quokka completely misses you.
You barely miss the quokka. The hobgoblin closely misses you.
The quokka barely misses you.
You hit the quokka but do no damage. The hobgoblin hits you.
The quokka bites you.
You completely miss the quokka. The quokka bites you.
The hobgoblin barely misses you.
You hit the quokka but do no damage. The quokka bites you.
The hobgoblin closely misses you. The quokka misses you.
You hit the quokka but do no damage. The hobgoblin barely misses you.
The quokka bites you.
You barely miss the quokka. The hobgoblin hits you. The quokka bites you.
* * * LOW HITPOINT WARNING * * *
You barely miss the quokka. The hobgoblin hits you.
* * * LOW HITPOINT WARNING * * *
The quokka closely misses you.
You hit the quokka.
You kill the quokka!
Trog accepts your kill. The hobgoblin barely misses you.
You see here a quokka corpse.
The hobgoblin attacks as you move away! The hobgoblin hits you.
* * * LOW HITPOINT WARNING * * *
A kobold comes into view. It is wielding a +0 dagger.
The kobold shouts!
You barely miss the hobgoblin. The hobgoblin hits you.
You die...

.......##.........##
.......#.#.#.#.#.#.###
.......#.............. .
........#.#.#.#.#.#.# ..
....................#.K.
.......#.#.#.#.#.#.#..
......#...............#
......#.#.#.#.#.#.#..#
.......#.......g@....#
.......#.#.#.#.#.#......
.......#.............###
..........#.#.#.#..#.#
........##.............
......#...####.......#..
......# #. .###......# #
...##.### #.##....!...
.####...###.##........


You could see a hobgoblin and a kobold.

Vanquished Creatures
  An endoplasm (D:1)
  A giant cockroach (D:1)
  A goblin (D:1)
  A jackal (D:1)
  A quokka (D:1)
  A ball python (D:1)
  A frilled lizard (D:1)
  A rat (D:1)
8 creatures vanquished.

Notes
Turn   | Place    | Note
-------+----------+-------------------------------------------
     0 | D:1      | n00bmints the Human Berserker began the quest for the Orb.
     0 | D:1      | Reached XP level 1. HP: 18/18 MP: 1/1
    76 | D:1      | Reached XP level 2. HP: 17/24 MP: 2/2
   166 | D:1      | Slain by a hobgoblin

Illustrated notes

Levels and vault maps discovered:
D:1:      minmay_arrival_checkered_box, layout_rooms,
          hellmonk_ecumenical_altar_lost_god, serial_rivers,
          chequers_serial_rivers_large_a, chequers_serial_rivers_micro_d,
          chequers_serial_rivers_micro_d, chequers_serial_rivers_room_b,
          chequers_serial_rivers_micro_b, chequers_serial_rivers_small_3,
          hex_medium, minmay_tetromino_i2

Action                   || total
-------------------------++-------
Melee: Spear             ||    40
Armor: Animal skin       ||     8
Dodge: Dodged            ||    32

Table legend: (Time is in decaauts)
 A = Elapsed time spent in this place.
 B = Non-inter-level travel time spent in this place.
 C = Inter-level travel time spent in this place.
 D = Time resting spent in this place.
 E = Time spent auto-exploring this place.
 F = Levels seen in this place.
 G = Mean time per level.
                   A        B        C        D        E       F      G
               +--------+--------+--------+--------+--------+-----+--------+
         Total |    164 |    164 |      0 |      0 |      0 |   1 |  164.0 |
       Dungeon |    164 |    164 |      0 |      0 |      0 |   1 |  164.0 |
               +--------+--------+--------+--------+--------+-----+--------+

Top non-repeatable levels by time:
     D:1: 164 daAuts
